 Dungeon Crawl Stone Soup version 0.23.2-40-g277498a001 (webtiles) character file.

Game seed: 10038286619807356203

1744 DawwaD the Cleaver (level 9, -1/112 HPs)
             Began as a Hill Orc Berserker on Aug 26, 2019.
             Was an Elder of Trog.
             Slain by an orc warrior
             ... wielding a +0 mace
              (6 damage)
             ... on level 6 of the Dungeon.
             The game lasted 00:20:13 (6204 turns).

DawwaD the Cleaver (Hill Orc Berserker)             Turns: 6204, Time: 00:20:14

Health: -1/112     AC: 16    Str: 28    XL:     9   Next: 6%
Magic:  9/9        EV:  9    Int:  7    God:    Trog [****..]
Gold:   350        SH:  9    Dex: 10    Spells: 8/8 levels left

rFire    . . .     SeeInvis .   a - +0 hand axe
rCold    + . .     Gourm    .   f - +0 shield
rNeg     . . .     Faith    .   l - +0 scale mail {rC+}
rPois    .         Spirit   .   (no helmet)
rElec    .         Reflect  .   k - +0 cloak
rCorr    .         Harm     .   (no gloves)
MR       .....                  y - +2 pair of boots
Stlth    ..........             b - amulet of rage
HPRegen  0.28/turn              g - ring of stealth
MPRegen  0.11/turn              o - +4 ring of protection

@: berserking, very quick
A: no striking features
a: Berserk, Trog's Hand, Brothers in Arms, Renounce Religion, Evoke Berserk Rage


You were on level 6 of the Dungeon.
You worshipped Trog.
Trog was greatly pleased with you.
You were near starving.

You visited 1 branch of the dungeon, and saw 6 of its levels.

You collected 350 gold pieces.

Inventory:

Hand Weapons
 a - a +0 hand axe (weapon)
Armour
 f - a +0 shield (worn)
 k - a +0 cloak (worn)
 l - a +0 scale mail of cold resistance (worn)
 y - a +2 pair of boots (worn)
Jewellery
 b - an amulet of rage (around neck)
 g - a ring of stealth (left hand)
 o - a +4 ring of protection (right hand)
Scrolls
 d - a scroll of identify
 i - a scroll of fear
 m - 3 scrolls of teleportation
 r - a scroll of vulnerability
 t - 3 scrolls of magic mapping
 u - a scroll of immolation
 w - a scroll of remove curse
Potions
 e - 3 potions of curing
 h - 3 potions of lignification
 j - a potion of invisibility {unknown}
 n - a potion of degeneration {unknown}
 p - a potion of brilliance {unknown}
 q - 3 potions of magic
 v - a potion of flight {unknown}
 x - 2 potions of berserk rage
Comestibles
 c - 12 rations
 s - 5 chunks of flesh


   Skills:
 + Level 6.2 Fighting
 + Level 10.3 Axes
 + Level 6.7 Armour
 + Level 3.5 Dodging
 + Level 1.1 Stealth
 + Level 1.6 Shields


You had 8 spell levels left.
You didn't know any spells.
Your spell library was empty.

Dungeon Overview and Level Annotations

Branches:
Dungeon (6/15)             Temple (0/1) D:6

Altars:
Cheibriados
Okawaru
Sif Muna
Trog
Vehumet
Yredelemnul
Zin


Message History

You hit the orc warrior.
The orc warrior is lightly wounded.
You block the orc warrior's attack.
You hit the orc warrior but do no damage.
The orc warrior is lightly wounded.
You hit the orc warrior.
The orc warrior is moderately wounded.
The orc warrior hits you with a +0 mace!
* * * LOW HITPOINT WARNING * * *
A red film seems to cover your vision as you go berserk!
You feel yourself moving faster!
You feel mighty!
You are near starving!
The orc warrior hits you with a +0 mace!
* * * LOW HITPOINT WARNING * * *
You hit the orc warrior.
The orc warrior is heavily wounded.
You slash the orc warrior!
The orc warrior is severely wounded.
The orc warrior hits you with a +0 mace.
You die...

####**### #..,,,..#
#.#***#.# ######.#####.#
#.........##)########*
#.####.##...)........*
#.# #.#####..)#####,*
###.# #.......o@...#*,*
....############.##.#*,*
......# #.#*,#*,* .####.#
#..,,,,,*
.###*.#********##..,*,**
...#*,#*<,,,,**,,._.,,*
.#.##.#*,,,,,,,,,...,,**
......#*,,,,,*,,,...,,,**
##.#.##*,,,,,*,,,,⌠,,,,,*


You could see an orc warrior.

Vanquished Creatures
  Edmund (D:6)
  2 ice beasts
  3 ogres
  A centaur (D:5)
  2 bullfrogs (D:6)
  A scorpion (D:6)
  A howler monkey (D:4)
  2 crimson imps (D:6)
  4 orc wizards
  A hound (D:2)
  2 orc priests (D:6)
  A jelly (D:6)
  A gnoll shaman (D:4)
  Ijyb (D:3)
  4 iguanas
  Natasha (twice) (D:3)
  4 worker ants
  A killer bee zombie (D:6)
  A hound skeleton (D:5)
  4 adders
  12 gnolls
  An adder zombie (D:6)
  An ooze (D:3)
  2 worms (D:2)
  3 dart slugs
  7 leopard geckos
  15 orcs
  3 giant cockroaches
  2 gnoll zombies (D:4)
  6 goblins
  6 hobgoblins
  4 jackals (D:3)
  5 kobolds
  4 quokkas
  9 bats
  A frilled lizard (D:2)
  A goblin zombie (D:5)
  A jackal skeleton (D:4)
  A jackal zombie (D:5)
  6 rats
  A rat zombie (D:5)
130 creatures vanquished.

Notes
Turn   | Place    | Note
-------+----------+-------------------------------------------
     0 | D:1      | DawwaD the Hill Orc Berserker began the quest for the Orb.
     0 | D:1      | Reached XP level 1. HP: 19/19 MP: 1/1
   361 | D:1      | Reached XP level 2. HP: 17/27 MP: 2/2
  1073 | D:2      | Reached XP level 3. HP: 33/33 MP: 3/3
  1306 | D:2      | Reached skill level 5 in Axes
  1395 | D:2      | Reached XP level 4. HP: 40/40 MP: 4/4
  1398 | D:2      | Reached ** piety under Trog
  1548 | D:2      | Reached XP level 5. HP: 35/46 MP: 5/5
  1971 | D:3      | Reached skill level 6 in Axes
  2012 | D:3      | Found a snail-covered altar of Cheibriados.
  2078 | D:3      | Noticed Ijyb
  2100 | D:3      | Killed Ijyb
  2126 | D:3      | Noticed Natasha
  2136 | D:3      | Killed Natasha
  2222 | D:3      | Found an iron altar of Okawaru.
  2370 | D:3      | Noticed Natasha
  2378 | D:3      | Killed Natasha
  2378 | D:3      | Reached XP level 6. HP: 41/53 MP: 6/6
  2575 | D:4      | Found a basalt altar of Yredelemnul.
  2959 | D:4      | Reached *** piety under Trog
  3270 | D:4      | Reached skill level 7 in Axes
  3309 | D:4      | Found a glowing silver altar of Zin.
  3411 | D:4      | Reached XP level 7. HP: 58/60 MP: 7/7
  3699 | D:4      | Reached skill level 5 in Armour
  3997 | D:5      | Entered Level 5 of the Dungeon
  4168 | D:5      | Found a bloodstained altar of Trog.
  4319 | D:5      | Found a radiant altar of Vehumet.
  4327 | D:5      | Reached skill level 8 in Axes
  4699 | D:5      | Reached skill level 5 in Fighting
  4744 | D:5      | Reached XP level 8. HP: 59/68 MP: 8/8
  5281 | D:6      | Reached skill level 9 in Axes
  5281 | D:6      | Reached skill level 1 in Stealth
  5605 | D:6      | Reached skill level 1 in Shields
  5716 | D:6      | Noticed Edmund
  5732 | D:6      | Killed Edmund
  5732 | D:6      | Reached skill level 10 in Axes
  5847 | D:6      | Reached **** piety under Trog
  6060 | D:6      | Reached XP level 9. HP: 75/75 MP: 9/9
  6128 | D:6      | Found a staircase to the Ecumenical Temple.
  6181 | D:6      | Found a deep blue altar of Sif Muna.
  6202 | D:6      | HP: 4/112 [orc warrior/+0 mace (17)]
  6204 | D:6      | Slain by an orc warrior

Skill      XL: |  1  2  3  4  5  6  7  8 |
---------------+-------------------------+-----
Dodging        | 2 3 |  3.5
Fighting       | 4 5 6 |  6.2
Axes           | 5 6 7 8 10 | 10.3
Armour         | 3 4 5 6 |  6.7
Stealth        | 1 |  1.1
Shields        | 1 |  1.6

Action                   |  1- 3 |  4- 6 |  7- 9 || total
-------------------------+-------+-------+-------++-------
Melee: Hand axe          |   103 |   174 |   259 ||   536
Invok: Berserk           |     2 |     2 |     6 ||    10
  Use: Scroll            |       |     2 |     9 ||    11
 Stab: Sleeping          |     1 |       |       ||     1
  Eat: Chunk             |     2 |     4 |     9 ||    15
       Ration            |     1 |     1 |     1 ||     3
Armor: Animal skin       |    41 |       |       ||    41
       Leather armour    |     8 |       |       ||     8
       Scale mail        |       |    61 |    89 ||   150
Dodge: Dodged            |   117 |    82 |    95 ||   294
Block: Shield            |       |       |    57 ||    57
